 Dungeon Crawl Stone Soup version 0.25-a0-41-g6cf4ce5 (webtiles) character file.

Game seed: 14844302910519914533, levelgen mode: deterministic

487 BoppinsLewinski the Slasher (level 6, -5/53 HPs)
             Began as a Draconian Gladiator on Oct 21, 2019.
             Was an Initiate of Wu Jian.
             Slain by a wolf (7 damage)
             ... on level 5 of the Dungeon.
             The game lasted 00:07:42 (3606 turns).

BoppinsLewinski the Slasher (Draconian Gladiator)   Turns: 3606, Time: 00:07:43

Health: -5/53      AC:  7    Str: 24    XL:     6   Next: 89%
Magic:  6/6        EV: 20    Int:  8    God:    Wu Jian [......]
Gold:   94         SH:  0    Dex: 19    Spells: 5/5 levels left

rFire    . . .     SeeInvis .   a - +0 long sword
rCold    . . .     Gourm    .   (no shield)
rNeg     . . .     Faith    .   (armour unavailable)
rPois    .         Spirit   .   b - +1 hat
rElec    .         Reflect  .   (no cloak)
rCorr    .         Harm     .   (no gloves)
MR       .....                  (no boots)
Stlth    +++.......             (no amulet)
HPRegen  0.17/turn              i - +2 ring of dexterity
MPRegen  0.10/turn              g - ring of flight

@: mighty, agile
A: unfitting armour, cold-blooded, AC +6
a: Renounce Religion, Evoke Flight


You were on level 5 of the Dungeon.
You worshipped Wu Jian.
Wu Jian was noncommittal.
You were hungry.

You visited 2 branches of the dungeon, and saw 6 of its levels.

You collected 94 gold pieces.

Inventory:

Hand Weapons
 a - a +0 long sword (weapon)
Armour
 b - a +1 hat (worn)
Jewellery
 g - a ring of flight (right hand)
 i - a +2 ring of dexterity (left hand)
Scrolls
 f - a scroll of blinking
 l - a scroll of noise
 m - 2 scrolls of remove curse
 n - 3 scrolls of teleportation
 q - a scroll of random uselessness
 r - a scroll of fear
 s - a scroll of amnesia
Potions
 p - a potion of berserk rage {unknown}
 u - a potion of mutation {unknown}
Comestibles
 d - 6 rations
 t - a chunk of flesh


   Skills:
 + Level 4.4 Fighting
 * Level 5.9 Long Blades
 - Level 1.7 Throwing
 + Level 4.2 Dodging


You had 5 spell levels left.
You didn't know any spells.
Your spell library was empty.

Dungeon Overview and Level Annotations

Branches:
Dungeon (5/15)             Temple (1/1) D:4

Altars:
Ashenzari
Cheibriados
Dithmenos
Elyvilon
Fedhas
Gozag
Hepliaklqana
Kikubaaqudgha
Makhleb
Nemelex Xobeh
Okawaru
Qazlal
Ru
Sif Muna
Trog
Uskayaw
Vehumet
Wu Jian
Xom
Yredelemnul
Zin

Shops:
D:4 (


Innate Abilities, Weirdness & Mutations

Your plain brown scales are hard. (AC +6)
You cannot fit into any form of body armour.
You are cold-blooded and may be slowed by cold attacks.


Message History

Tha sky beast evaporates an' reforms as a wolf!
Tha now-empty wand crumbles ta dust.
It was a potion o' agility.
Ye feel agile all o' a sudd'n.
Tha wolf bites ye!
* * * LOW HITPOINT WARNIN'
* * * Ye barely miss tha wolf.
Yer tail-slap misses tha wolf.
Tha wolf closely misses ye.
Unknown command.
Tha wolf barely misses ye.
Ye riposte.
Ye miss tha wolf.
Tha wolf misses ye.
Unknown command.
Ye barely miss tha wolf.
Yer tail-slap misses tha wolf.
Tha wolf bites ye but does nay damage.
Tha wolf barely misses ye.
Unknown command.
Ye closely miss tha wolf.
Yer tail-slap misses tha wolf.
Tha wolf closely misses ye.
Tha wolf bites ye!
* * * LOW HITPOINT WARNIN'
* * * Unknown command.
Ye closely miss tha wolf.
Yer tail-slap misses tha wolf.
Tha wolf bites ye!
Ye die...

.....h#O.#
.....##..# ## ..
#....##†####.#...
#..)..#..........
#.....##.).......
#......##.##..#..
##....(.## .#
.##.......#
...(...@h!#
.........##
...........#
#...##......# ##.
###...## # #####


You could see a wolf.

Vanquished Creatures
  An ice beast (D:5)
  An ogre (D:4)
  A bullfrog (D:3)
  A scorpion (D:4)
  A worker ant (D:4)
  A hound skeleton (D:4)
  4 adders
  3 gnolls (D:2)
  An ooze (D:2)
  An adder skeleton (D:4)
  2 worms
  A dart slug (D:1)
  3 leopard geckos
  9 orcs
  2 ball pythons
  4 giant cockroaches
  4 goblins
  5 hobgoblins
  6 jackals
  2 quokkas
  10 bats
  A frilled lizard (D:3)
  7 kobolds
  A leopard gecko zombie (D:5)
  8 rats
80 creatures vanquished.

Notes
Turn   | Place    | Note
-------+----------+-------------------------------------------
     0 | D:1      | BoppinsLewinski the Draconian Gladiator began the quest for
                  | the Orb.
     0 | D:1      | Reached XP level 1. HP: 17/17 MP: 1/1
   193 | D:1      | Reached XP level 2. HP: 23/25 MP: 2/2
  1016 | D:2      | Reached XP level 3. HP: 16/30 MP: 3/3
  1563 | D:2      | Reached skill level 4 in Long Blades
  1566 | D:2      | Reached XP level 4. HP: 32/38 MP: 4/4
  2031 | D:3      | Noticed a bullfrog
  2045 | D:3      | Killed a bullfrog
  2045 | D:3      | Reached XP level 5. HP: 29/45 MP: 5/5
  2392 | D:4      | Noticed an ogre
  2409 | D:4      | Killed an ogre
  2409 | D:4      | Reached skill level 5 in Long Blades
  2409 | D:4      | Reached XP level 6. HP: 34/52 MP: 6/6
  2668 | D:4      | Found Cufykh's Antique Weapon Shoppe.
  3175 | D:4      | Found a staircase to the Ecumenical Temple.
  3185 | Temple   | Entered the Ecumenical Temple
  3288 | Temple   | Became a worshipper of the Wu Jian Council
  3521 | D:5      | Entered Level 5 of the Dungeon
  3548 | D:5      | Noticed an ice beast
  3567 | D:5      | Killed an ice beast
  3597 | D:5      | Noticed a sky beast
  3597 | D:5      | an ogre changed into a sky beast
  3600 | D:5      | a sky beast changed into a wolf
  3605 | D:5      | HP: 2/53 [wolf (9)]
  3606 | D:5      | Slain by a wolf

Levels and vault maps discovered:
D:1:      minmay_arrival_hallway, layout_basic, minmay_misc_feat_ornament,
          minmay_tetromino_t4
D:2:      layout_loops_ring
D:3:      layout_rooms
D:4:      layout_rooms, minmay_temple_entry_nine_rooms, serial_shops, shop
D:5:      layout_cave_pools, cheibrodos_sewer_entry_drain, first_ration,
          minmay_misc_feat_encased, minmay_misc_feat_tiny, uniq_prince_ribbit1
Temple:   kilobyte_greek_temple

Skill      XL: |  1  2  3  4  5  6 |
---------------+-------------------+-----
Dodging        | 3 4 |  4.2
Long Blades    | 4 5 |  5.9
Fighting       | 3 4 |  4.4
Throwing       | |  1.7

Action                   |  1- 3 |  4- 6 || total
-------------------------+-------+-------++-------
Melee: Long sword        |    81 |   140 ||   221
       Tailslap          |    11 |    27 ||    38
Throw: Throwing net      |     1 |     5 ||     6
Invok: Lunge             |       |     2 ||     2
Evoke: Wand              |       |     4 ||     4
  Use: Potion            |     2 |     2 ||     4
       Scroll            |       |     9 ||     9
 Stab: Sleeping          |       |     4 ||     4
       Held in net/web   |       |     3 ||     3
  Eat: Chunk             |     2 |     6 ||     8
Armor: Skin              |    14 |    31 ||    45
Dodge: Dodged            |    57 |    95 ||   152
       Rpst.: Long sword |    13 |    27 ||    40

Table legend:
 A = Non-vault XP
 B = Vault XP
 C = Vault XP percentage of total XP
 D = Non-vault monster count
 E = Vault monster count
 F = Vault count percentage of total count
                 A         B        C        D         E       F
            +---------+---------+-------+---------+---------+-------
      Total |     692 |       4 |   0.6 |      77 |       3 |   3.8
            +---------+---------+-------+---------+---------+-------
        D:1 |      30 |       4 |  11.8 |      16 |       3 |  15.8
        D:2 |      97 |       0 |   0.0 |      17 |       0 |   0.0
        D:3 |     150 |       0 |   0.0 |      26 |       0 |   0.0
        D:4 |     283 |       0 |   0.0 |      14 |       0 |   0.0
        D:5 |     132 |       0 |   0.0 |       4 |       0 |   0.0
            +---------+---------+-------+---------+---------+-------
